 Dungeon Crawl Stone Soup version 0.22.1-2-g9c5b331 (webtiles) character file.

14390 teukkam the Protected (level 11, -2/97 HPs)
             Began as a Minotaur Fighter on Dec 17, 2018.
             Was a Believer of Vehumet.
             Slain by a komodo dragon (14 damage)
             ... on level 4 of the Lair of Beasts.
             The game lasted 00:52:16 (11860 turns).

teukkam the Protected (Minotaur Fighter)           Turns: 11860, Time: 00:52:16

Health: -2/97      AC: 16    Str: 24    XL:     11   Next: 88%
Magic:  16/25      EV: 10    Int:  5    God:    Vehumet [**....]
Gold:   800        SH: 12    Dex: 10    Spells: 15/18 levels left

rFire    x . .     SeeInvis .   a - +6 spear "Otirameesi" {flame, MP+9}
rCold    + . .     Gourm    .   q - +0 shield
rNeg     . . .     Faith    +   Z - +0 swamp dragon scales
rPois    +         Spirit   .   (helmet restricted)
rElec    .         Reflect  .   (no cloak)
rCorr    .         Harm     .   M - +0 pair of gloves
MR       .....                  S - +2 pair of boots
Stlth    +.........             p - amulet of faith
HPRegen  0.26/turn              W - ring of ice
MPRegen  0.19/turn              b - ring of wizardry

@: no status effects
A: retaliatory headbutt, horns 2, yellow scales 1, sturdy frame 1
a: Renounce Religion


You were on level 4 of the Lair of Beasts.
You worshipped Vehumet.
Vehumet was pleased with you.
You were not hungry.

You visited 3 branches of the dungeon, and saw 15 of its levels.
You also visited: Sewer.

You collected 800 gold pieces.

Inventory:

Hand Weapons
 a - the +6 spear "Otirameesi" (weapon) {flame, MP+9}
   (You found it on level 6 of the Dungeon)

   It has been specially enchanted to burn those struck by it, causing extra
   injury to most foes and up to half again as much damage against particularly
   susceptible opponents.
   It affects your magic capacity (+9).
 l - a +0 blowgun
 m - a +0 shortbow
 s - a +3 shortbow
 B - a +0 blowgun
 D - a +2 dagger of venom
 I - a +0 whip of electrocution
 J - a +2 dire flail of holy wrath
 Q - the +3 flail "Killer Bee's Curse" {crush, *Corrode rC+++ Str+6 Dex-4}
   (You found it on level 7 of the Dungeon)

   It inflicts extra damage upon your enemies.
   It affects your strength (+6).
   It affects your dexterity (-4).
   It renders you almost immune to cold.
   It may corrode you when you take damage.
 R - a +4 dagger of chaos
Missiles
 w - 48 poisoned needles
 z - 392 arrows
 C - 4 silver tomahawks (quivered)
 E - 2 javelins
 L - 16 tomahawks
 T - 39 sling bullets
 Y - 2 tomahawks of returning
Armour
 q - a +0 shield (worn)
 M - a +0 pair of gloves (worn)
 S - a +2 pair of boots (worn)
 Z - +0 swamp dragon scales (worn)
Magical Staves
 c - an uncursed staff of cold
 o - an uncursed staff of conjuration
Jewellery
 b - a ring of wizardry (right hand)
 e - an uncursed ring of protection from fire
 p - an amulet of faith (around neck)
 t - an uncursed amulet of regeneration
 K - a +3 ring of evasion
 O - an uncursed amulet of the gourmand
 W - a ring of ice (left hand)
Wands
 d - a wand of flame (47)
 v - a wand of disintegration (8)
 U - a wand of polymorph (10)
 V - a wand of scattershot (1)
Scrolls
 g - 17 scrolls of identify
 h - 5 scrolls of teleportation
 i - 2 scrolls of amnesia
 n - 5 scrolls of enchant weapon
 x - 4 scrolls of fear
 G - a scroll of blinking
 P - 2 scrolls of remove curse
 X - 2 scrolls of magic mapping
Potions
 j - a potion of agility
 k - 4 potions of curing
 r - 4 potions of heal wounds
 u - a potion of haste
 A - a potion of magic
 H - a potion of berserk rage
 N - 2 potions of mutation
Comestibles
 f - 16 rations
 F - a chunk of flesh


   Skills:
 - Level 9.4 Fighting
 - Level 2.9 Short Blades
   Level 5.8(7.5) Axes
 - Level 7.2(8.8) Polearms
 + Level 4.7(6.6) Staves
 - Level 9.7 Armour
 - Level 1.3 Dodging
 - Level 0.2 Stealth
 - Level 9.6 Shields
 + Level 4.4 Spellcasting
 + Level 4.8 Conjurations
 - Level 3.6 Fire Magic
 + Level 2.9 Ice Magic


You had 15 spell levels left.
You knew the following spells:

 Your Spells              Type           Power        Failure   Level  Hunger
a - Flame Tongue          Conj/Fire      #....        6%          1    ##.....
b - Throw Frost           Conj/Ice       #.....       11%         2    ###....

Your spell library contained the following spells:

 Spells                   Type           Power        Failure   Level  Hunger
 Ignite Poison            Fire/Tmut/Pois #.......     50%         3    ####...
 Magic Dart               Conj           #...         4%          1    ##.....
 Searing Ray              Conj           #.....       7%          2    ###....
 Throw Flame              Conj/Fire      #.....       9%          2    ###....
 Conjure Flame            Conj/Fire      #.......     17%         3    ####...
 Confusing Touch          Hex            #.....       32%         1    ##.....
 Dazzling Spray           Conj/Hex       #.....       34%         3    ####...
 Inner Flame              Hex/Fire       #.......     41%         3    ####...
 Iskenderun's Mystic Bla  Conj           #.......     41%         4    #####..
 Sticky Flame             Conj/Fire      #.......     47%         4    #####..
 Confuse                  Hex            #.......     65%         3    ####...
 Gell's Gravitas          Tloc           #.........   65%         3    ####...
 Force Lance              Conj/Tloc      #.......     73%         4    #####..
 Fulminant Prism          Conj/Hex       #.........   73%         4    #####..
 Fireball                 Conj/Fire      #.........   82%         5    ######.
 Petrify                  Tmut/Erth      #.......     96%         4    #####..
 Metabolic Englaciation   Hex/Ice        #.........   99%         5    ######.
 Yara's Violent Unravell  Hex/Tmut       #.........   100%        5    ######.


Dungeon Overview and Level Annotations

Branches:
Dungeon (10/15)            Temple (1/1) D:4            Lair (4/6) D:10
  Swamp (0/4) Lair:3       Spider (0/4) Lair:2
    Orc: D:9-12

Altars:
Ashenzari
Cheibriados
Dithmenos
Elyvilon
Fedhas
Gozag
Hepliaklqana
Kikubaaqudgha
Makhleb
Nemelex Xobeh
Okawaru
Qazlal
Ru
Sif Muna
Trog
Uskayaw
Vehumet
Wu Jian
Xom
Yredelemnul
Zin
The Shining One


Innate Abilities, Weirdness & Mutations

You reflexively headbutt those who attack you in melee.
You have a pair of horns on your head.
You are partially covered in yellow scales. (AC +2)
Your movements are slightly less encumbered by armour. (ER -2)


Message History

The komodo dragon is heavily wounded.
You block the porcupine's attack. The komodo dragon bites you.
You puncture the komodo dragon! You burn the komodo dragon.
You headbutt the komodo dragon.
The komodo dragon is almost dead.
The porcupine closely misses you.
You hit the komodo dragon but do no damage.
Your headbutt misses the komodo dragon.
The komodo dragon is almost dead.
The komodo dragon bites you! The porcupine completely misses you.
You hit the porcupine. You burn the porcupine.
You kill the porcupine!
Vehumet accepts your kill.
You feel your power returning. The komodo dragon bites you!!
* * * LOW HITPOINT WARNING * * *
Your swamp dragon scales prevents you from hitting the komodo dragon.
You headbutt the komodo dragon, but do no damage.
The komodo dragon is almost dead.
The komodo dragon bites you!
You die...

#.... #.... ... #....
....#. ....# #...###....
...## #....##..# ....#
#...##..#####...P#.
##........##........
#####...................
........................
................@l......
.....<..........†.......
.....%..................
..........#.#.#.#......#
#..#......##..###.....P#
#####....####.. .....P#
#.....# ..## .....##
#....... .....#
.....P.#.


You could see a komodo dragon.

Vanquished Creatures
  An ice dragon (Lair:2)
  2 two-headed ogres (D:9)
  Nergalle (Lair:2)
  Pikel (D:5)
  Maurice (D:8)
  Psyche (D:8)
  3 spiny frogs (Lair:1)
  2 komodo dragons (Lair:2)
  A hornet (D:9)
  3 hippogriffs
  A vampire (D:9)
  A redback (Lair:2)
  14 yaks
  A wyvern (D:10)
  A wraith (D:10)
  A human (D:10)
  2 steam dragons
  Edmund (D:4)
  2 wargs (D:10)
  3 water moccasins
  4 porcupines
  3 ice beasts
  A sky beast (D:5)
  2 orc warriors
  2 black bears
  2 slaves (D:5)
  A necrophage (D:9)
  2 ogres
  A phantom (D:8)
  8 centaurs
  3 crocodiles
  2 big kobolds (D:9)
  5 bullfrogs
  Blork the orc (D:5)
  A wyvern zombie (D:9)
  A gnoll sergeant (D:9)
  2 scorpions
  3 electric eels (Lair:3)
  3 howler monkeys
  4 crimson imps
  2 bullfrog zombies
  7 jellies
  A centaur zombie (D:8)
  7 hounds
  4 orc priests
  7 orc wizards
  2 centaur skeletons
  3 iguanas
  9 worker ants
  A hound zombie (D:9)
  A hound skeleton (D:7)
  A howler monkey skeleton (D:8)
  16 adders
  8 gnolls
  2 shadow imps (D:6)
  6 oozes
  An adder skeleton (D:7)
  An adder zombie (D:9)
  6 worms
  2 dart slugs
  A leopard gecko (D:9)
  33 orcs
  3 ball pythons
  6 giant cockroaches
  7 goblins
  9 hobgoblins
  11 jackals
  5 quokkas
  7 bats
  8 frilled lizards
  A goblin zombie (D:10)
  A jackal skeleton (D:8)
  17 kobolds
  13 rats
  A plant (Sewer)
304 creatures vanquished.

Vanquished Creatures (others)
  A water moccasin (D:8)
  2 fungi
  2 plants (Sewer)
5 creatures vanquished.

Grand Total: 309 creatures vanquished

Notes
Turn   | Place    | Note
-------+----------+-------------------------------------------
     0 | D:1      | teukkam the Minotaur Fighter began the quest for the Orb.
     0 | D:1      | Reached XP level 1. HP: 19/19 MP: 0/0
   181 | D:1      | Reached XP level 2. HP: 25/27 MP: 1/1
   991 | D:3      | Reached XP level 3. HP: 31/33 MP: 2/2
  1089 | D:4      | Reached XP level 4. HP: 40/40 MP: 3/3
  1139 | D:4      | Reached XP level 5. HP: 39/46 MP: 4/4
  1278 | D:5      | Entered Level 5 of the Dungeon
  1278 | D:5      | Noticed Blork the orc
  1283 | D:5      | Killed Blork the orc
  1285 | D:5      | Reached skill level 5 in Axes
  1449 | D:5      | Reached XP level 6. HP: 48/53 MP: 5/5
  1522 | D:5      | Found a radiant altar of Vehumet.
  1581 | D:5      | Reached skill level 5 in Armour
  1691 | D:5      | Reached skill level 1 in Dodging
  1887 | D:5      | Noticed a slave
  1933 | D:5      | Killed a slave
  1996 | D:6      | Reached skill level 5 in Fighting
  1996 | D:6      | Reached skill level 5 in Shields
  2029 | D:6      | Found a glowing drain.
  2038 | D:6      | Reached XP level 7. HP: 59/61 MP: 6/6
  2070 | Sewer    | Entered a sewer
  2082 | Sewer    | Reached skill level 1 in Short Blades
  3177 | D:7      | Found a glowing golden altar of the Shining One.
  3179 | D:7      | Noticed a hippogriff
  3387 | D:6      | Got an ancient spear
  3388 | D:6      | Identified the +6 spear "Otirameesi" {flame, MP+9} (You
                  | found it on level 6 of the Dungeon)
  3433 | D:6      | Reached skill level 1 in Polearms
  3433 | D:6      | Reached XP level 8. HP: 58/70 MP: 7/7
  3961 | D:4      | Noticed Edmund
  3971 | D:4      | Killed Edmund
  3996 | D:4      | Found a staircase to the Ecumenical Temple.
  4003 | Temple   | Entered the Ecumenical Temple
  4977 | D:5      | Noticed Pikel
  5000 | D:5      | Killed Pikel
  5000 | D:5      | Reached XP level 9. HP: 35/79 MP: 7/8
  5180 | D:5      | You fall through a shaft for 3 floors!
  5181 | D:8      | Noticed Psyche
  5252 | D:7      | Reached skill level 5 in Polearms
  5284 | D:7      | Got a shimmering flail
  5285 | D:7      | Identified the cursed +3 flail "Killer Bee's Curse" {crush,
                  | *Corrode rC+++ Str+6 Dex-4} (You found it on level 7 of the
                  | Dungeon)
  6006 | D:2      | Found a shadowy altar of Dithmenos.
  6007 | D:2      | Found a bloodstained altar of Trog.
  6007 | D:2      | Found a hide-covered altar of Uskayaw.
  6007 | D:2      | Found a stormy altar of Qazlal.
  6014 | D:2      | Found an ancient bone altar of Kikubaaqudgha.
  6014 | D:2      | Found a hazy altar of Hepliaklqana.
  6909 | D:8      | Noticed Maurice
  6989 | D:8      | Killed Psyche
  6989 | D:8      | Reached XP level 10. HP: 64/91 MP: 9/9
  7061 | D:8      | Killed Maurice
  7175 | D:8      | Learned a level 1 spell: Flame Tongue
  7284 | D:5      | Became a worshipper of Vehumet
  7593 | D:8      | Found an ornate altar of the Wu Jian Council.
  7606 | D:8      | Found a glowing silver altar of Zin.
  7791 | D:9      | Found a hazy altar of Hepliaklqana.
  7861 | D:9      | Reached skill level 1 in Conjurations
  7861 | D:9      | Reached skill level 1 in Fire Magic
  7864 | D:9      | Reached skill level 1 in Spellcasting
  8058 | D:9      | Noticed a two-headed ogre
  8065 | D:9      | Reached * piety under Vehumet
  8065 | D:9      | Offered knowledge of Sandblast by Vehumet.
  8073 | D:9      | Killed a two-headed ogre
  8596 | D:9      | Noticed a two-headed ogre
  8603 | D:9      | Killed a two-headed ogre
  8603 | D:9      | Reached XP level 11. HP: 97/97 MP: 14/14
  8607 | D:9      | Noticed a two-headed ogre
  8880 | D:10     | Entered Level 10 of the Dungeon
  8947 | D:10     | Found a runed door.
  8950 | D:10     | Found a basalt altar of Yredelemnul.
  9103 | D:10     | Reached ** piety under Vehumet
  9103 | D:10     | Offered knowledge of Throw Frost by Vehumet.
  9107 | D:10     | Learned a level 2 spell: Throw Frost
  9288 | D:10     | Found a staircase to the Lair.
  9297 | D:10     | Reached skill level 1 in Staves
  9514 | Lair:1   | Entered Level 1 of the Lair of Beasts
  9523 | Lair:1   | Reached skill level 1 in Ice Magic
  9663 | Lair:1   | Gained mutation: Your movements are slightly less
                  | encumbered by armour. (ER -2) [potion of mutation]
  9663 | Lair:1   | Gained mutation: You are partially covered in yellow
                  | scales. (AC +2) [potion of mutation]
 10729 | Lair:2   | Noticed Nergalle
 10744 | Lair:2   | Killed Nergalle
 10826 | Lair:2   | Noticed a seven-headed hydra
 10831 | Lair:2   | Noticed an ice dragon
 10831 | Lair:2   | a seven-headed hydra changed into an ice dragon
 10843 | Lair:2   | Killed an ice dragon
 11725 | Lair:2   | Found a hole to the Spider Nest.
 11785 | Lair:3   | Offered knowledge of Ignite Poison by Vehumet.
 11816 | Lair:3   | Found a staircase to the Swamp.
 11832 | Lair:4   | Noticed a six-headed hydra
 11860 | Lair:4   | Slain by a komodo dragon

Skill      XL: |  1  2  3  4  5  6  7  8  9 10 11 |
---------------+----------------------------------+-----
Shields        | 4 5 6 7 9 |  9.6
Armour         | 4 5 6 7 9 |  9.7
Axes           | 4 5 |  5.8
Fighting       | 4 5 6 7 9 |  9.4
Dodging        | 1 |  1.3
Short Blades   | 2 |  2.9
Polearms       | 1 4 6 7 |  7.2
Conjurations   | 3 4 |  4.8
Fire Magic     | 3 |  3.6
Spellcasting   | 2 4 |  4.4
Staves         | 4 |  4.7
Ice Magic      | 2 |  2.9
Stealth        | |  0.2

Action                   |  1- 3 |  4- 6 |  7- 9 | 10-12 || total
-------------------------+-------+-------+-------+-------++-------
Melee: War axe           |    54 |    42 |       |       ||    96
       Headbutt          |     5 |    13 |    68 |   116 ||   202
       Dagger            |       |    25 |   118 |    97 ||   240
       Spear             |       |       |   142 |   195 ||   337
       Flail             |       |       |   103 |   139 ||   242
       Staff             |       |       |       |    42 ||    42
Throw: Javelin           |       |     3 |     5 |       ||     8
       Tomahawk          |       |       |     4 |    16 ||    20
 Cast: Flame Tongue      |       |       |       |    11 ||    11
       Throw Frost       |       |       |       |    31 ||    31
Evoke: Wand              |       |       |     4 |    15 ||    19
  Use: Potion            |       |     1 |       |    13 ||    14
       Scroll            |       |     7 |     4 |     7 ||    18
 Stab: Invisible         |       |       |       |     2 ||     2
  Eat: Chunk             |     1 |     2 |     6 |    11 ||    20
       Ration            |       |       |     4 |     2 ||     6
Armor: Scale mail        |    19 |    23 |    35 |       ||    77
       Chain mail        |       |       |    87 |    13 ||   100
       Steam dragon scal |       |       |       |    55 ||    55
       Swamp dragon scal |       |       |       |    58 ||    58
Dodge: Dodged            |    26 |    17 |    95 |   149 ||   287
Block: Shield            |    34 |    40 |   186 |   226 ||   486
